[Event "*** Titled Tuesday Blitz"]
[Site "Chess.com"]
[Date "2018.07.03"]
[Round "1"]
[White "Genghis_K"]
[Black "evgenysharapov"]
[Result "1-0"]
[WhiteElo "2710"]
[BlackElo "2383"]
[TimeControl "180+2"]
[EndTime "13:14:52 PDT"]
[Termination "Genghis_K won on time"]

1. e4 c6 2. d4 d5 3. exd5 cxd5 4. Bd3 Nf6 5. c3 Nc6 6. Bf4 Bg4 7. Qb3 Qb6 8. h3 Bh5 9. Na3 Qxb3 10. axb3 Bg6 11. Bxg6 hxg6 12. Nb5 Kd7 13. Nf3 Ne4 14. O-O e6 15.
Rfe1 Be7 16. b4 a6 17. Na3 g5 18. Bh2 f6 19. Nc2 Na7 20. Re2 Rhc8 21. Nfe1 Nb5 22.
Nd3 b6 23. f3 Ned6 24. Rae1 Nc7 25. g4 Re8 26. Kg2 Bf8 27. Bg3 Ncb5 28. h4 gxh4 29.
Bxh4 Nc4 30. Bg3 Bd6 31. Bxd6 Ncxd6 32. Nf4 Nc7 33. Nh5 Re7 34. Ne3 Rae8 35. Nf4 Kc6 36.
Ng6 Rd7 37. b3 Ndb5 38. Rc1 Kb7 39. Rd2 e5 40. Nf5 exd4 41. c4 dxc4 42. bxc4 Nc3 43. Rxd4 Rxd4 44. Nxd4 Na2 45. Rb1 Ne6 46. Nf5 Rd8 47.
Re1 Rd2+ 48. Kg3 Nd4 49. Re7+ Kc6 50. Nxg7 Nxb4 51. Rf7 a5 52. Rxf6+ Kc5 53. Ne5 a4 54. Nd7+ Kxc4 55. Nxb6+ Kb3 56. Nxa4 Kxa4 57. g5 Nd5 58. Rf8 Ne2+ 59. Kg4 Ne3+ 60. Kh5 Rd5 61. Ne6 Ng3+ 62. Kg6 Rd6 63. Kf7 Nef5 64. Ra8+ Kb4 65. f4 Rb6 66. Ra7 Kc4 67. g6 Kd5 68. Ra5+ Ke4 69.
Ra4+ Kf3 70. g7 Nxg7 71. Nxg7 Rb7+ 72. Kg6 Rb6+ 73. Kf7 Rb7+ 74. Kf6 Ne4+ 75. Ke5 Rb5+ 76. Kd4 Kxf4 77. Ne6+ Kf5 78. Nc7 Rb7 79. Ra5+ Kf4 80. Nd5+ Kf5 81. Ne3+ Kf4 82. Rf5+ Kg3 83. Kxe4 Rb4+ 84.
Kd3 Rb3+ 85. Kd4 Rb4+ 86. Nc4 Ra4 87. Rf8 Kg4 88. Kd5 Kg3 89. Ne5 Ra5+ 90. Ke4 Ra4+ 91. Ke3 Ra3+ 92. Nd3 Ra4 93. Rf3+ Kg4 94. Nf2+ Kg5 95.
Ne4+ Kg6 96. Rf6+ Kg7 97. Rc6 Kf7 98. Kf4 Ra1 99. Ke5 Ra5+ 100. Nc5 Ra1 101. Rf6+ Ke7 102. Rh6 Re1+ 103. Ne4 Kd7 104. Rd6+ Kc7 105. Rd4 Kb7 106.
Kd6 Rh1 107. Rb4+ Ka6 108. Kc6 Ka5 109. Rc4 Rh6+ 110. Nd6 Rg6 111. Rh4 1-0

[Event "*** Titled Tuesday Blitz"]
[Site "Chess.com"]
[Date "2018.07.03"]
[Round "1"]
[White "Nathan_Filgueiras"]
[Black "ahmadzada13"]
[Result "1/2-1/2"]
[WhiteElo "2165"]
[BlackElo "2509"]
[TimeControl "180+2"]
[EndTime "13:15:00 PDT"]
[Termination "Game drawn by agreement"]

1. e4 e6 2. d4 d5 3. Nd2 c5 4. exd5 Qxd5 5. Ngf3 cxd4 6. Bc4 Qd6 7. O-O Nf6 8. Nb3 Nc6 9. Nbxd4 Nxd4 10. Qxd4 Qxd4 11.
Nxd4 a6 12. Be2 Bc5 13. Nb3 Bb6 14.
Bf3 O-O 15. Bf4 Nd5 16. Bxd5 exd5 17. Rad1 Bf5 18. c3 Rfd8 19. Nd4 Bd7 20. Rd2 f6 21. Rfd1 Kf7 22. Be3 Bc7 23. Ne2 Be6 24. Nf4 Bxf4 25. Bxf4 Rd7 26. Be3 Rc8 27. f3 Re7 28. Kf2 d4 29. Rxd4 Bxa2 30. Rd7 Be6 31.
Rxe7+ Kxe7 32. Rd4 Bd7 33. Bf4 Bc6 34. Bd6+ Kf7 35. Rd2 Re8 36. Re2 Rd8 37. Bb4 Rd7 38.
g3 h5 39. f4 Kg6 40. Re7 Rd2+ 41. Re2 Rd3 42. Re3 Rd8 43. Ke2 Bb5+ 44. Ke1 Bc6 45. Kf2 Kf5 46. h3 Bb5 47. Ke1 h4 48. gxh4 Kxf4 49.
Re7 Rd7 50. Rxd7 Bxd7 51. Kf2 Bxh3 52. Bf8 g6 53. Bg7 Kf5 54. Kg3 Bf1 55. Kf2 Bc4 56. Ke3 Bb3 57. Kd4 g5 58. hxg5 fxg5 59. Be5 Kg4 60.
Ke3 a5 61. Kf2 Kf5 62. Bd6 Ke4 63. Bc7 a4 64. Bd6 Kd3 65. Kg3 Be6 66. Ba3 b5 67. Kg2 Ke4 68. Kg3 Ke3 69. Kg2 Kd3 70. Kg1 Ke3 71.
Kg2 Kf4 72. Kg1 g4 73. Kg2 Bd5+ 74. Kg1 g3 75. Bb4 Kf3 76. Ba3 Ke2 77. Bb4 Bc6 78.
Ba3 Kd2 79. Bb4 Kc2 80. Ba3 Kb3 81. Kf1 Kc4 82. Kg1 Kd3 83. Kf1 Bd5 84. Kg1 Ke2 85. Bd6 Kd1 86. Ba3 Be4 87. Kf1 Kc2 88. Kg1 Kb1 89. Kf1 Bf3 90. Kg1 Kc2 91. Kf1 Kd3 92. Kg1 Be4 93. Kf1 g2+ 94. Kg1 Kd2 95. Bc5 Kc1 96.
Ba3 Kc2 97. Kf2 Bd5 98. Kg1 Bc6 99. Kf2 Kd3 100. Kg1 Ke2 101. Bb4 Kf3 102. Ba3 Bd5 103. Bb4 Bc4 104. Ba3 Bf1 105. Bb4 Ke2 106. Ba3 Kd1 107. Kf2 Kc2 108. Kg1 Kb3 109. Kf2 Kc4 110. Kg1 Kb3 111. Kf2 b4 112. cxb4 Kc4 113. Kg1 Kd5 114. Kf2 Ke4 115.
b5 Kd5 116. Kg1 Ke6 117. Kf2 Kd7 118. Kg1 Kc7 119. Bc5 Kb7 120. Kf2 Kc7 121. Kg1 Kb7 122. Kf2 Kb8 123. Kg1 Bxb5 124. Kxg2 Kb7 125. Kf2 Kc6 126. Ba3 Kd5 127. Ke3 Kc4 128. Kd2 Kb3 129. Kc1 Bd3 130. Kd2 Bf5 131. Ke3 Ka2 132. Kd4 Bc2 133. Kc5 Bb3 134. Kb4 Kb1 1/2-1/2

[Event "*** Titled Tuesday Blitz"]
[Site "Chess.com"]
[Date "2018.07.03"]
[Round "2"]
[White "NguyenDucHoa"]
[Black "Max_Schachmann"]
[Result "1-0"]
[WhiteElo "2506"]
[BlackElo "2662"]
[TimeControl "180+2"]
[EndTime "13:18:11 PDT"]
[Termination "NguyenDucHoa won by resignation"]

1. d4 Nf6 2. c4 e6 3. Nf3 d5 4. g3 Bb4+ 5. Bd2 Be7 6. Bg2 c6 7.
Qc2 Nbd7 8. O-O O-O 9. Rd1 b6 10. b3 a5 11. Nc3 Bb7 12. e4 Qc7 13. e5 Ng4 14. Ne1 c5 15. cxd5 exd5 16. Nxd5 Bxd5 17.
Bxd5 Rad8 18. Qf5 Nh6 19. Bxh6 gxh6 20. Be4 1-0

[Event "*** Titled Tuesday Blitz"]
[Site "Chess.com"]
[Date "2018.07.03"]
[Round "2"]
[White "Kirill_Klukin"]
[Black "Artur0208"]
[Result "0-1"]
[WhiteElo "2574"]
[BlackElo "2407"]
[TimeControl "180+2"]
[EndTime "13:18:26 PDT"]
[Termination "Artur0208 won by resignation"]

1. Nf3 d5 2. d4 Nf6 3. c4 e6 4. Nc3 Be7 5. Bg5 h6 6. Bh4 O-O 7. e3 b6 8. Qc2 Bb7 9. cxd5 Nxd5 10. Nxd5 Bxd5 11. Bxe7 Qxe7 12. Bd3 c5 13. dxc5 Nc6 14. a3 Bxf3 15. gxf3 Ne5 16. Be4 Rac8 17. c6 Rfd8 18. f4 Nxc6 19. Bxc6 Rd6 20. Rc1 Rdxc6 21. Qxc6 Rxc6 22.
Rxc6 Qb7 0-1

[Event "*** Titled Tuesday Blitz"]
[Site "Chess.com"]
[Date "2018.07.03"]
[Round "2"]
[White "Bad4life"]
[Black "dcremisi"]
[Result "1/2-1/2"]
[WhiteElo "2409"]
[BlackElo "2282"]
[TimeControl "180+2"]
[EndTime "13:19:17 PDT"]
[Termination "Game drawn by repetition"]

1. e4 e6 2. d4 d5 3. Nd2 a6 4. a3 Nf6 5. e5 Nfd7 6. c3 c5 7. Bd3 Nc6 8. Ne2 Qb6 9. Nf3 cxd4 10. cxd4 f6 11. exf6 Nxf6 12. O-O Bd6 13. Bf4 Bxf4 14.
Nxf4 O-O 15. Ng5 Nxd4 16. Qh5 h6 17. Ng6 Nxh5 18. Ne7+ Kh8 19. Ng6+ Kg8 20. Ne7+ Kh8 21.
Ng6+ Kg8 22. Ne7+ Kh8 23. Ng6+ Kg8 24. Ne7+ Kh8 25. Ng6+ Kg8 1/2-1/2

[Event "*** Titled Tuesday Blitz"]
[Site "Chess.com"]
[Date "2018.07.03"]
[Round "2"]
[White "platy3"]
[Black "Gajuchess"]
[Result "1-0"]
[WhiteElo "2731"]
[BlackElo "2612"]
[TimeControl "180+2"]
[EndTime "13:19:32 PDT"]
[Termination "platy3 won by resignation"]

1. e4 c5 2. Nf3 e6 3. d4 cxd4 4. Nxd4 a6 5. c4 Qc7 6. Nc3 Nf6 7. Be2 b6 8. O-O Bb7 9. Qd3 d6 10. f4 Nbd7 11. b4 Be7 12. Bb2 h5 13. Rac1 h4 14. Nd5 exd5 15. cxd5 Qd8 16. Nc6 Bxc6 17. dxc6 Nf8 18.
c7 Qc8 19. e5 dxe5 20. fxe5 N6d7 21. Qf3 1-0

[Event "*** Titled Tuesday Blitz"]
[Site "Chess.com"]
[Date "2018.07.03"]
[Round "2"]
[White "joejan"]
[Black "racquetball1"]
[Result "1-0"]
[WhiteElo "2253"]
[BlackElo "2050"]
[TimeControl "180+2"]
[EndTime "13:19:42 PDT"]
[Termination "joejan won by resignation"]

1. e4 e5 2. Nf3 Nc6 3. Bb5 Nf6 4. O-O Nxe4 5. d4 Nd6 6. Bxc6 dxc6 7. dxe5 Nf5 8. Qxd8+ Kxd8 9. h3 b6 10. Nc3 Bb7 11.
Rd1+ Ke8 12. Bf4 h6 13. g4 Ne7 14. e6 fxe6 15. Bxc7 Nd5 16. Be5 Kf7 17. Ne4 b5 18. a4 a6 19. Bd6 Rd8 20. Ne5+ Kg8 21. Bxf8 Kxf8 22. Nc5 Ba8 23. Nxe6+ Ke7 24. Nxd8 Kxd8 25. Nf7+ 1-0

[Event "*** Titled Tuesday Blitz"]
[Site "Chess.com"]
[Date "2018.07.03"]
[Round "2"]
[White "SidArun"]
[Black "Mbneu"]
[Result "0-1"]
[WhiteElo "2101"]
[BlackElo "2226"]
[TimeControl "180+2"]
[EndTime "13:20:13 PDT"]
[Termination "Mbneu won by resignation"]

1. e4 e5 2. f4 Bc5 3. Nf3 d5 4. Nxe5 dxe4 5. Bc4 Nh6 6. Qh5 O-O 7. Nc3 Qd4 8. Qe2 Nc6 9. Nb5 Qd8 10. Qxe4 Bf5 11.
Qe2 Nxe5 12. fxe5 c6 13. Nd6 Bxd6 14. d4 Qh4+ 15. g3 Qxd4 16. Bxh6 Bxe5 17. Be3 Qxb2 18.
O-O Qxc2 19. Bc5 Qxe2 20. Bxe2 Bxa1 21. Rxa1 Rfe8 22. Bc4 b6 0-1

[Event "*** Titled Tuesday Blitz"]
[Site "Chess.com"]
[Date "2018.07.03"]
[Round "2"]
[White "FairChess_on_YouTube"]
[Black "Goala"]
[Result "1-0"]
[WhiteElo "2929"]
[BlackElo "2429"]
[TimeControl "180+2"]
[EndTime "13:20:20 PDT"]
[Termination "FairChess_on_YouTube won by checkmate"]

1. d4 e6 2. Nf3 Nf6 3. Bg5 c5 4. Nc3 cxd4 5. Qxd4 Be7 6. O-O-O O-O 7. e4 a6 8. e5 Nd5 9. Bxe7 Nxe7 10. Bd3 Nbc6 11.
Bxh7+ Kxh7 12. Qh4+ Kg8 13. Ng5 Re8 14. Qh7+ Kf8 15.
Qh8+ Ng8 16. Nh7+ Ke7 17. Qxg7 Rf8 18. Ne4 d5 19. exd6+ Kd7 20. Nc5+ Ke8 21. Qxf8# 1-0

[Event "*** Titled Tuesday Blitz"]
[Site "Chess.com"]
[Date "2018.07.03"]
[Round "2"]
[White "Yurovskykh_Oleksandr"]
[Black "Yaacovn"]
[Result "0-1"]
[WhiteElo "2404"]
[BlackElo "2639"]
[TimeControl "180+2"]
[EndTime "13:20:22 PDT"]
[Termination "Yaacovn won by resignation"]

1. c4 e5 2. g3 Nc6 3. Nc3 Nf6 4.
Bg2 Bb4 5. Nd5 Bc5 6. e3 O-O 7. Ne2 Nxd5 8. cxd5 Ne7 9. d4 exd4 10. Nxd4 c6 11.
dxc6 dxc6 12. O-O Bxd4 13. exd4 Be6 14. Be3 Qd7 15. Qc2 Bh3 16. Rab1 Bxg2 17. Kxg2 Nd5 18. Rfe1 Rfe8 19. Qc4 h5 20. h3 Re4 21. b4 Qe6 22. Qd3 h4 23. g4 Nf4+ 24. Bxf4 Rxe1 25. Rxe1 Qxe1 26. Be3 Qxb4 27. Qf5 Qb5 28. Qd7 Qd5+ 29.
Qxd5 cxd5 30. Kf3 Rc8 31. Kf4 f6 0-1

[Event "*** Titled Tuesday Blitz"]
[Site "Chess.com"]
[Date "2018.07.03"]
[Round "2"]
[White "Micki-taryan"]
[Black "lupta_robin"]
[Result "1-0"]
[WhiteElo "2856"]
[BlackElo "2566"]
[TimeControl "180+2"]
[EndTime "13:20:27 PDT"]
[Termination "Micki-taryan won by resignation"]

1. b3 e5 2. Bb2 Nc6 3. Nf3 e4 4. Ne5 Nf6 5. e3 d5 6. Bb5 Bd7 7. Nxd7 Qxd7 8. Bxf6 gxf6 9. d4 a6 10. Be2 Rg8 11. g3 Qh3 12. Bf1 Qg4 13. Qxg4 Rxg4 14. c4 Nb4 15. Kd2 dxc4 16. bxc4 c5 17. d5 Bd6 18. Nc3 Be5 19. Rb1 Nd3 20. Bxd3 exd3 21. f4 Bxc3+ 22. Kxc3 O-O-O 23. Kxd3 h5 24. Rb6 Rg6 25.
f5 Rh6 26. Rf1 h4 27. g4 h3 28. g5 Rh5 29. Rxf6 Rxg5 30. Rxf7 Rg2 31. Rb1 Rd7 32. Rxd7 Kxd7 33. Rxb7+ Kd6 34. Rh7 Rxh2 35. Ke4 Rh1 36.
f6 Rf1 37. Rxh3 Rxf6 38. a4 Rg6 39. Kf5 1-0

[Event "*** Titled Tuesday Blitz"]
[Site "Chess.com"]
[Date "2018.07.03"]
[Round "2"]
[White "LimeInTheCoconut"]
[Black "Gr3egor"]
[Result "0-1"]
[WhiteElo "2229"]
[BlackElo "2357"]
[TimeControl "180+2"]
[EndTime "13:20:31 PDT"]
[Termination "Gr3egor won by resignation"]

1. Nf3 d5 2. c4 e6 3. g3 Nf6 4. Bg2 Be7 5. O-O O-O 6. d4 dxc4 7. Ne5 Nc6 8. Bxc6 bxc6 9. Nxc6 Qe8 10. Nxe7+ Qxe7 11. Qa4 e5 12. dxe5 Qxe5 13. Nc3 Qh5 14. Qxc4 Bb7 15. f3 c5 16. Rd1 Rfe8 17. Bf4 Qh3 18.
Qxc5 Ng4 19. e4 Qxh2+ 20. Kf1 Qh1+ 21. Ke2 Qg2+ 22. Kd3 Ba6+ 23. Nb5 Qxf3+ 0-1

[Event "*** Titled Tuesday Blitz"]
[Site "Chess.com"]
[Date "2018.07.03"]
[Round "2"]
[White "Drags95"]
[Black "Godzillator"]
[Result "0-1"]
[WhiteElo "2612"]
[BlackElo "2337"]
[TimeControl "180+2"]
[EndTime "13:20:33 PDT"]
[Termination "Godzillator won by resignation"]

1. e4 c6 2. Nf3 d5 3. Nc3 Bg4 4. h3 Bxf3 5. Qxf3 Nf6 6. e5 Nfd7 7. d4 e6 8. Ne2 c5 9. c3 Nc6 10. Bd2 Qb6 11. Qd3 cxd4 12. cxd4 Rc8 13. Bc3 Bb4 14. g3 O-O 15. Bg2 Bxc3+ 16. bxc3 Na5 17. O-O Nc4 18.
Nf4 Qa5 19. Rfc1 Rc7 20. Qf3 g6 21. h4 Rfc8 22. Bh3 Nf8 23. Ne2 Nd2 24. Qe3 Ne4 25.
h5 Nxc3 26. Nf4 Ne4 27. Rxc7 Rxc7 28. Bg2 Qc3 29. Rb1 Qxe3 30. fxe3 Nxg3 31. h6 Nf5 32. Kf2 Nxh6 33. e4 dxe4 34. Bxe4 b6 35. d5 Rc4 36. Ke3 Ng4+ 37. Kf3 Nxe5+ 38. Ke3 exd5 39. Nxd5 Nfd7 0-1

[Event "*** Titled Tuesday Blitz"]
[Site "Chess.com"]
[Date "2018.07.03"]
[Round "2"]
[White "tango_argentino"]
[Black "ozates"]
[Result "1-0"]
[WhiteElo "2484"]
[BlackElo "2339"]
[TimeControl "180+2"]
[EndTime "13:20:34 PDT"]
[Termination "tango_argentino won by resignation"]

1. e4 c5 2. Nf3 Nc6 3. Bb5 g6 4. Bxc6 bxc6 5. O-O Bg7 6. c3 Nh6 7. d4 cxd4 8. cxd4 d5 9. e5 f6 10. h3 O-O 11. Re1 Nf7 12. Nc3 g5 13. Na4 g4 14.
exf6 Bxf6 15. hxg4 Bxg4 16. Nc5 Qd6 17. Qd3 Bxf3 18.
Qxf3 e5 19. dxe5 Nxe5 20. Qg3+ Kh8 21. Nd3 Rg8 22. Nxe5 Qf8 23. Qf3 Re8 24. Bf4 Bxe5 25. Rxe5 Qg7 26. Rae1 Ref8 27. g3 1-0

[Event "*** Titled Tuesday Blitz"]
[Site "Chess.com"]
[Date "2018.07.03"]
[Round "2"]
[White "PlotnikovPavel"]
[Black "arctic_t00"]
[Result "0-1"]
[WhiteElo "2482"]
[BlackElo "2314"]
[TimeControl "180+2"]
[EndTime "13:20:36 PDT"]
[Termination "arctic_t00 won by resignation"]

1. d4 Nf6 2. Nf3 g6 3. c4 Bg7 4. Nc3 d6 5. e4 O-O 6. Be2 Nbd7 7. O-O e5 8. d5 Nc5 9. Qc2 a5 10. Nd2 Bh6 11. b3 Ne8 12. a3 f5 13. Bb2 Bxd2 14. Qxd2 Nxb3 15. Qh6 Nxa1 16. Bxa1 f4 17. c5 Qf6 18. cxd6 cxd6 19. f3 Bd7 20. a4 g5 21. Qxf6 Nxf6 22. Rb1 Rfc8 23. Kf2 Rc7 24. Ke1 Rac8 25. Kd2 Kf7 26. Rb6 Ke7 27. Bb2 h5 28. h3 g4 29. hxg4 hxg4 30. Bd1 g3 31. Nb5 Bxb5 32. Rxb5 Rh8 33. Rxa5 0-1

[Event "*** Titled Tuesday Blitz"]
[Site "Chess.com"]
[Date "2018.07.03"]
[Round "2"]
[White "matiss90"]
[Black "Korchmar_Vasiliy"]
[Result "0-1"]
[WhiteElo "2354"]
[BlackElo "2682"]
[TimeControl "180+2"]
[EndTime "13:20:48 PDT"]
[Termination "Korchmar_Vasiliy won by resignation"]

1. e4 c5 2. Nf3 d6 3. d4 cxd4 4. Nxd4 Nf6 5. Nc3 Nc6 6. Bc4 e6 7. Be3 a6 8. Qe2 Qc7 9. Bb3 Na5 10. g4 h6 11. O-O-O b5 12. f4 b4 13. Ba4+ Bd7 14. Bxd7+ Qxd7 15. Nd5 exd5 16. exd5 Be7 17. Nf5 O-O 18. Bd4 Rfe8 19. Rhg1 Bf8 20. Qd3 Qb5 21. Qh3 Nxd5 22. g5 Nxf4 23. Qf3 Qxf5 24. gxh6 0-1

[Event "*** Titled Tuesday Blitz"]
[Site "Chess.com"]
[Date "2018.07.03"]
[Round "2"]
[White "Hrant_ChessMood"]
[Black "Muguet7"]
[Result "1-0"]
[WhiteElo "2898"]
[BlackElo "2334"]
[TimeControl "180+2"]
[EndTime "13:20:54 PDT"]
[Termination "Hrant_ChessMood won by resignation"]

1. e4 c5 2. Nf3 d6 3. d4 cxd4 4. Nxd4 Nf6 5. Nc3 a6 6. g3 e5 7. Nde2 Be6 8. Bg2 Nbd7 9. O-O Be7 10. Nd5 O-O 11. Nec3 b5 12. Be3 Rc8 13. Qd2 Nxd5 14.
Nxd5 Nf6 15. Nxf6+ Bxf6 16. Rfd1 Be7 17. c3 Qc7 18. h4 Rfd8 19. Kh2 Bg4 20. Rdc1 Be6 21.
a4 Bb3 22. axb5 axb5 23. Ra7 Qc6 24. Rxe7 Be6 25. Ra1 Kf8 26. Rea7 Rb8 27. R1a6 1-0

[Event "*** Titled Tuesday Blitz"]
[Site "Chess.com"]
[Date "2018.07.03"]
[Round "2"]
[White "pouya21"]
[Black "MatthewG-p4p"]
[Result "1-0"]
[WhiteElo "2644"]
[BlackElo "2684"]
[TimeControl "180+2"]
[EndTime "13:21:02 PDT"]
[Termination "pouya21 won by resignation"]

1. e4 e6 2. d4 d5 3. e5 c5 4. c3 Qb6 5. Nf3 Nc6 6. a3 Nh6 7.
b4 cxd4 8. Bd3 Nf5 9. O-O Be7 10.
Bb2 dxc3 11. Nxc3 d4 12. Na4 Qd8 13. Rc1 O-O 14. Nc5 Nh6 15. Be4 f5 16. Bxc6 bxc6 17. Nxd4 Qd5 18. Qb3 Qxb3 19. Ncxb3 Nf7 20. Nxc6 Bd8 21.
Rfd1 Bb6 22. a4 Re8 23. a5 Bc7 24. Bd4 Bb7 25. f4 a6 26. Bb6 Bxb6+ 27. axb6 g5 28.
Nba5 Bxc6 29. Nxc6 1-0

[Event "*** Titled Tuesday Blitz"]
[Site "Chess.com"]
[Date "2018.07.03"]
[Round "2"]
[White "djogrodek1"]
[Black "Sordis"]
[Result "1-0"]
[WhiteElo "2469"]
[BlackElo "2284"]
[TimeControl "180+2"]
[EndTime "13:21:10 PDT"]
[Termination "djogrodek1 won by resignation"]

1. e4 c5 2. Nf3 d6 3. d4 cxd4 4. Nxd4 Nf6 5. Nc3 g6 6. Be3 Bg7 7. f3 O-O 8. Qd2 Nc6 9. O-O-O d5 10. Qe1 e6 11. h4 Qc7 12. Ndb5 Qb8 13. exd5 exd5 14.
Qd2 Be6 15. Bf4 Qd8 16. g4 a6 17. Nc7 Rc8 18. Nxe6 fxe6 19. h5 e5 20. Bh6 d4 21.
Bxg7 Kxg7 22. hxg6 hxg6 23. Qh6+ Kf7 24. Bc4+ Ke7 25.
g5 Ng8 26. Qg7+ Ke8 27. Bxg8 Qe7 28. Qxg6+ Kd8 29. Rh7 Qd6 30. Qxd6+ 1-0

[Event "*** Titled Tuesday Blitz"]
[Site "Chess.com"]
[Date "2018.07.03"]
[Round "2"]
[White "GMMatamoros"]
[Black "ChainsOfFantasia"]
[Result "1-0"]
[WhiteElo "2515"]
[BlackElo "2366"]
[TimeControl "180+2"]
[EndTime "13:21:18 PDT"]
[Termination "GMMatamoros won by resignation"]

1. Nf3 Nf6 2. c4 e6 3. g3 d5 4. Bg2 Be7 5. O-O O-O 6. b3 c5 7.
cxd5 Nxd5 8. Bb2 Nc6 9. d4 cxd4 10. Nxd4 Bd7 11. Na3 Nxd4 12. Qxd4 Bf6 13. Qd2 Bxb2 14. Qxb2 Bc6 15. Rfd1 Qe7 16. Nc4 Rac8 17. Na5 Rfd8 18. Nxc6 Rxc6 19. Bxd5 Rxd5 20. Rxd5 exd5 21. Rd1 Qe6 22.
e3 a6 23. Qd4 g6 24. Qxd5 Qxd5 25. Rxd5 Rc2 26. a4 Rb2 27. Rd3 Kg7 28. g4 g5 29.
Kg2 Kf6 30. Rd6+ Ke5 31. Rb6 h6 32. Rxb7 f5 33. h3 f4 34. exf4+ Kxf4 35. a5 Ke5 36. Rb6 1-0

[Event "*** Titled Tuesday Blitz"]
[Site "Chess.com"]
[Date "2018.07.03"]
[Round "2"]
[White "HanSchut"]
[Black "Kurai"]
[Result "0-1"]
[WhiteElo "2278"]
[BlackElo "2432"]
[TimeControl "180+2"]
[EndTime "13:21:19 PDT"]
[Termination "Kurai won by resignation"]

1. e4 e5 2. Nf3 Nc6 3. Bc4 Bc5 4. b4 Bb6 5. a4 a5 6. b5 Nd4 7. Nxd4 Bxd4 8. c3 Bc5 9. O-O Nf6 10. d4 d5 11.
exd5 exd4 12. Re1+ Be7 13. Qxd4 O-O 14. Bd3 Re8 15.
Nd2 Qxd5 16. Qxd5 Nxd5 17. c4 Nb4 18. Bb1 Be6 19. Ba3 Rad8 20. Nf3 Bf6 21. Bxb4 axb4 22. Ra2 Bxc4 23. Rxe8+ Rxe8 24. Rc2 Bc3 25. h3 Bb3 26. Rc1 Bxa4 0-1

[Event "*** Titled Tuesday Blitz"]
[Site "Chess.com"]
[Date "2018.07.03"]
[Round "2"]
[White "stolencandy13"]
[Black "dreamist"]
[Result "0-1"]
[WhiteElo "2310"]
[BlackElo "2584"]
[TimeControl "180+2"]
[EndTime "13:21:22 PDT"]
[Termination "dreamist won by resignation"]

1. e4 c5 2. Nf3 g6 3. d4 cxd4 4. Nxd4 Bg7 5. c4 Nc6 6. Be3 Nf6 7. Nc3 O-O 8. Be2 d6 9. f3 Nxd4 10. Bxd4 Bd7 11. Qd2 Bc6 12. O-O Nd7 13. Be3 a5 14. Rab1 Nc5 15. Rfc1 Qb6 16. b3 Rfc8 17. Bf1 h5 18.
Nd5 Bxd5 19. exd5 Qb4 20. Re1 Bc3 21. Qf2 Bxe1 22. Rxe1 e5 23. dxe6 Nxe6 24. Qh4 Qc3 25. Kh1 Re8 26. Re2 Ng7 27. Bd4 Qc1 28. Rxe8+ Rxe8 29. Kg1 Nf5 30. Qf6 Nxd4 31. Qxd4 Qe3+ 32. Qxe3 Rxe3 33. Kf2 Rc3 34. Be2 Rc2 35. a4 Rb2 36. Ke3 0-1

[Event "*** Titled Tuesday Blitz"]
[Site "Chess.com"]
[Date "2018.07.03"]
[Round "2"]
[White "CarlssonLudvig"]
[Black "AndrewDGreen"]
[Result "1-0"]
[WhiteElo "2141"]
[BlackElo "2170"]
[TimeControl "180+2"]
[EndTime "13:21:30 PDT"]
[Termination "CarlssonLudvig won by resignation"]

1. d4 Nf6 2. Nf3 g6 3. Nc3 d5 4. Bf4 Bg7 5. e3 O-O 6. Be2 c5 7. dxc5 Qa5 8. Nd4 Qxc5 9. Nb3 Qc6 10. O-O Bf5 11. Nd4 Qd7 12. Nxf5 Qxf5 13. Bd3 Qd7 14. Be5 Nc6 15. Bb5 e6 16. e4 Qe7 17. Bxf6 Qxf6 18.
exd5 exd5 19. Qxd5 Nd4 20. Bd3 Rad8 21. Qxb7 Rb8 22.
Qxa7 Rxb2 23. Nd5 Qg5 24. Be4 Ne2+ 25. Kh1 Nf4 26. Nxf4 Qxf4 27. Bd3 Qh6 28. Qe3 Qh4 29. a4 Rb4 30. Ra3 Rxa4 31. Rxa4 Qxa4 32. Re1 Qb4 33. g3 h5 34. Qe7 Bd4 35. Qxb4 1-0

[Event "*** Titled Tuesday Blitz"]
[Site "Chess.com"]
[Date "2018.07.03"]
[Round "2"]
[White "VladimirBelous"]
[Black "gmcorrales"]
[Result "0-1"]
[WhiteElo "2671"]
[BlackElo "2652"]
[TimeControl "180+2"]
[EndTime "13:21:42 PDT"]
[Termination "gmcorrales won by resignation"]

1. c4 Nf6 2. Nc3 c5 3. g3 Nc6 4. Bg2 e6 5. Nf3 d5 6. cxd5 Nxd5 7. O-O Nxc3 8. dxc3 Qxd1 9. Rxd1 Bd7 10. Nd2 O-O-O 11.
Ne4 f6 12. Nd6+ Bxd6 13. Rxd6 Kc7 14. Rd1 e5 15. Be3 b6 16. b4 cxb4 17. cxb4 Nxb4 18. a3 Na6 19. a4 Bf5 20. Rdc1+ Kb8 21. a5 b5 22. Bc6 Nc7 23. f4 Rd6 24. fxe5 fxe5 25. Rc5 Bd7 26. Bxd7 Rxd7 27. Rxe5 Re8 28. Rxe8+ Nxe8 29. a6 Nc7 30. Bf4 Kc8 31. Rc1 Kd8 32. Rc6 h6 33.
Kf2 Nd5 34. Bd6 Nb6 35. e4 Nc4 36. Bc5 Ne5 37. Rd6 Nd3+ 38. Rxd3 Rxd3 39. Bxa7 Rd6 0-1

[Event "*** Titled Tuesday Blitz"]
[Site "Chess.com"]
[Date "2018.07.03"]
[Round "2"]
[White "Keures"]
[Black "Triumphmate"]
[Result "0-1"]
[WhiteElo "2136"]
[BlackElo "2223"]
[TimeControl "180+2"]
[EndTime "13:21:42 PDT"]
[Termination "Triumphmate won by resignation"]

1. d4 Nf6 2. c4 e6 3. Nf3 d5 4.
Nc3 Bb4 5. Bg5 h6 6. Bh4 O-O 7. e3 c5 8. a3 Bxc3+ 9. bxc3 Nc6 10. Be2 b6 11. O-O Bb7 12. cxd5 exd5 13. Rb1 c4 14.
Qc2 Re8 15. h3 Qd6 16. a4 Ne4 17. Nd2 Nxd2 18. Qxd2 Qg6 19. Bg3 Na5 20. Bd1 Bc8 21. Bc2 Bf5 22. Bxf5 Qxf5 23. Rfe1 Nb3 24. Qe2 Re6 25.
Rb2 Rae8 26. Rd1 Rf6 27. Qc2 Qd7 28. Ra2 Re4 29. Re1 Rg6 30. Be5 Qxh3 31. g3 Rh4 0-1

[Event "*** Titled Tuesday Blitz"]
[Site "Chess.com"]
[Date "2018.07.03"]
[Round "2"]
[White "MikaelyanArman"]
[Black "goingin33"]
[Result "1-0"]
[WhiteElo "2600"]
[BlackElo "2310"]
[TimeControl "180+2"]
[EndTime "13:21:42 PDT"]
[Termination "MikaelyanArman won by resignation"]

1. d4 Nf6 2. c4 g6 3. Nc3 d5 4. Bf4 Bg7 5. e3 O-O 6. Nf3 c5 7. dxc5 Qa5 8. Rc1 dxc4 9. Bxc4 Qxc5 10. Bb3 Nc6 11. O-O Qh5 12. h3 Rd8 13. Qe2 Na5 14. Rfd1 Rxd1+ 15. Rxd1 Nxb3 16. Rd8+ Bf8 17. axb3 b6 18.
Qb5 Qxb5 19. Nxb5 Bb7 20. Rxa8 Bxa8 21. Nxa7 Bd5 22. Nd4 Ne4 23. Nc8 f6 24. Nxb6 Bf7 25. Bc7 e5 26. Nb5 Bxb3 27. f3 Nd2 28. Bd6 Bh6 29.
Kf2 Kf7 30. Na3 Ke6 31. Bb4 1-0

[Event "*** Titled Tuesday Blitz"]
[Site "Chess.com"]
[Date "2018.07.03"]
[Round "2"]
[White "ftorodent"]
[Black "MateusViageiro"]
[Result "1-0"]
[WhiteElo "2486"]
[BlackElo "2297"]
[TimeControl "180+2"]
[EndTime "13:21:42 PDT"]
[Termination "ftorodent won by resignation"]

1. d4 Nf6 2. c4 e6 3. Nf3 b6 4. a3 Bb7 5. Nc3 Be7 6. Bg5 c5 7.
Bxf6 Bxf6 8. d5 O-O 9. e4 exd5 10.
exd5 Re8+ 11. Be2 Qe7 12. Rc1 Na6 13. Rc2 d6 14. O-O Nc7 15. Bd3 h6 16. Ne4 Red8 17. Re2 Be5 18. Ng3 Qf6 19. Nh5 Qe7 20. Nxe5 dxe5 21. f4 Qh4 22. Rxe5 f6 23. g3 Qh3 24. Bf5 Qxf1+ 25. Qxf1 fxe5 26. fxe5 Rf8 27. Qh3 Rae8 28.
Qg4 g5 29. Nf6+ Rxf6 30. exf6 b5 31. Qh5 Kf8 32. Qxh6+ 1-0

[Event "*** Titled Tuesday Blitz"]
[Site "Chess.com"]
[Date "2018.07.03"]
[Round "2"]
[White "IamSchrodingersCat"]
[Black "BasilSmash"]
[Result "0-1"]
[WhiteElo "2401"]
[BlackElo "2422"]
[TimeControl "180+2"]
[EndTime "13:21:43 PDT"]
[Termination "BasilSmash won by resignation"]

1. e4 c6 2. Nc3 d5 3. Nf3 Nf6 4. e5 Ne4 5. Ne2 Qb6 6. d4 e6 7. Nfg1 f6 8. f3 Ng5 9. f4 Ne4 10.
Ng3 f5 11. Nf3 c5 12. Nxe4 dxe4 13. Ng5 cxd4 14. Be2 Nc6 15. Bd2 Bd7 16. b3 Bb4 17. Bc4 e3 18. Bxb4 Qxb4+ 19. Kf1 Qe7 20. Qh5+ g6 21. Qh6 O-O-O 22. Ke2 Nb4 23. Rac1 Nxa2 24.
Ra1 Nc3+ 25. Ke1 Kb8 0-1